 Dungeon Crawl Stone Soup version 0.20.1-1-g8b1a95d (webtiles) character file.

127 empire the Slasher (level 4, 0/38 HPs)
             Began as a Draconian Monk on Oct 24, 2017.
             Killed from afar by an orc wizard (10 damage)
             ... with a magic dart
             ... on level 3 of the Dungeon.
             The game lasted 00:04:10 (2378 turns).

empire the Slasher (Draconian Monk)                 Turns: 2378, Time: 00:04:11

Health: 0/38       AC:  7    Str: 13    XL:     4   Next: 85%
Magic:  4/4        EV: 14    Int: 11    God:
Gold:   169        SH:  0    Dex: 14    Spells: 3/3 levels left

rFire    . . .     SeeInvis +   a - +0 falchion
rCold    . . .     Gourm    .   (no shield)
rNeg     . . .     Faith    .   (armour unavailable)
rPois    .         Spirit   .   (helmet restricted)
rElec    .         Reflect  .   n - +0 cloak
rCorr    .         Harm     .   (no gloves)
MR       .....                  j - +0 pair of boots (curse)
Stlth    ++........             (no amulet)
Regen    0.2/turn               g - ring of see invisible
MPRegen  0.1/turn               (no ring)

@: no status effects
A: unfitting armour, cold-blooded, AC +5
a: no special abilities


You were on level 3 of the Dungeon.
You were hungry.

You visited 1 branch of the dungeon, and saw 4 of its levels.

You collected 169 gold pieces.

Inventory:

Hand Weapons
 a - a +0 falchion (weapon)
Armour
 j - a cursed +0 pair of boots (worn)
 n - a +0 cloak (worn)
Jewellery
 g - a ring of see invisible (left hand)
Scrolls
 d - 3 scrolls of identify {unknown}
 f - 3 scrolls of teleportation {unknown}
 h - a scroll of fear {unknown}
 k - a scroll of blinking {unknown}
 l - 2 scrolls of immolation {unknown}
Potions
 e - 2 potions of ambrosia {unknown}
 m - a potion of heal wounds {unknown}
 o - a potion of flight {unknown}
Comestibles
 b - 3 bread rations
 c - 4 fruits
 i - 2 meat rations
 p - a royal jelly


   Skills:
 - Level 3.2 Fighting
 + Level 4.8 Long Blades
 + Level 3.6 Dodging
 - Level 1.7 Stealth


You had 3 spell levels left.
You didn't know any spells.

Dungeon Overview and Level Annotations

Branches:
Dungeon (4/15)
 Temple: D:4-7

Altars:

Annotations:
D:4 Eustachio


Innate Abilities, Weirdness & Mutations

Your plain brown scales are hard. (AC +5)
You cannot fit into any form of body armour.
You are cold-blooded and may be slowed by cold attacks.


Message History

You hit the orc. You tail-slap the orc.
You kill the orc!
The orc wizard hits you with a dagger. The bat hits you but does no damage.
An orc comes into view.
The bat hits you but does no damage. x2; The orc hits you with a mace.
The orc wizard gestures at you while chanting.
The puff of flame hits you!
* * * LOW HITPOINT WARNING * * *
The bat hits you but does no damage.
You climb upwards.
There is a stone staircase leading down here.
The orc closely misses you.
You riposte.
You hit the orc.
Your tail-slap misses the orc.
The orc is moderately wounded.
The orc wizard completely misses you. The orc wizard casts a spell at you.
You resist with some effort. The orc wizard casts a spell at you.
The magic dart hits you!
You die...

### #.########.#.######.........
..# #..........#..############..
#.# ####..............<.........
#.########.#######.##..######.#..
...........#######..##.### ##)##.
##.######.......###.##...###.รท##.
##.## #.#.#####...>..............
##..###...# #####o.##...........
.##..##..## ##..@.o.##...........
.###.##..####..####...(....##....
..............## #..#.....#####.
...#....###..######..#(....#####.
........###..........#.....##....
#.............................##.
##.#..#.#..................####..
#......#..#........#..#.....#...
####............................


You could see an orc wizard and an orc.

Vanquished Creatures
  4 adders
  2 worms (D:3)
  A dart slug (D:1)
  3 leopard geckos
  9 orcs
  A giant cockroach (D:1)
  4 goblins
  4 hobgoblins
  7 jackals
  2 quokkas
  A ball python (D:3)
  13 bats
  8 frilled lizards
  6 kobolds
  4 rats
69 creatures vanquished.

Notes
Turn   | Place    | Note
-------+----------+-------------------------------------------
     0 | D:1      | empire the Draconian Monk began the quest for the Orb.
     0 | D:1      | Reached XP level 1. HP: 19/19 MP: 1/1
    97 | D:1      | Reached XP level 2. HP: 12/26 MP: 2/2
   822 | D:2      | Reached XP level 3. HP: 31/31 MP: 3/3
   837 | D:2      | Found a faded altar of an unknown god.
   932 | D:2      | Reached skill level 4 in Long Blades
  1675 | D:3      | Reached XP level 4. HP: 27/38 MP: 4/4
  2368 | D:4      | Noticed Eustachio
  2378 | D:3      | Killed from afar by an orc wizard

Skill      XL: |  1  2  3 |
---------------+----------+-----
Dodging        | 3 |  3.6
Long Blades    | 4 |  4.8
Fighting       | |  3.2
Stealth        | |  1.7

Action                   |  1- 3 |  4- 6 || total
-------------------------+-------+-------++-------
Melee: Falchion          |    99 |    87 ||   186
       Tailslap          |    17 |    15 ||    32
 Stab: Sleeping          |       |     1 ||     1
  Eat: Chunk             |     1 |     3 ||     4
Armor: Skin              |    32 |    38 ||    70
Dodge: Dodged            |    97 |    58 ||   155
       Rpst.: Falchion   |    42 |    20 ||    62
